 Dungeon Crawl Stone Soup version 0.28-a0-206-gc2c9e32840 (webtiles) character file.

Game seed: 8007086315872903591

103 bande the Shield-Bearer (level 4, -1/29 HPs)
             Began as a Gargoyle Fighter on Aug 21, 2021.
             Slain by Natasha (5 damage)
             ... on level 2 of the Dungeon.
             The game lasted 00:04:06 (2779 turns).

bande the Shield-Bearer (Gargoyle Fighter)          Turns: 2779, Time: 00:04:07

Health: -1/29      AC: 13    Str: 20    XL:     4   Next: 79%
Magic:  4/4        EV:  7    Int:  8    God:
Gold:   103        SH:  8    Dex: 10    Spells: 3/3 levels left

rFire   . . .      SeeInvis +   a - +1 war axe
rCold   . . .      Faith    .   c - +0 kite shield
rNeg    + . .      Spirit   .   b - +0 scale mail
rPois   ∞          Reflect  .   (no helmet)
rElec   +          Harm     .   g - +2 cloak
rCorr   .          Rampage  .   (no gloves)
Will    .....                   (no boots)
Stlth   ..........              (no amulet)
HPRegen 0.09/turn               h - ring of see invisible
MPRegen 0.09/turn               (no ring)

@: no status effects
A: sickness immunity, AC +3, negative energy resistance 1, electricity
resistance, torment resistance 1, petrification resistance
a: no special abilities


You were on level 2 of the Dungeon.
You visited 1 branch of the dungeon, and saw 3 of its levels.

You collected 103 gold pieces.

Inventory:

Hand Weapons
 a - a +1 war axe (weapon)
Armour
 b - a +0 scale mail (worn)
 c - a +0 kite shield (worn)
 g - a +2 cloak (worn)
Jewellery
 h - a ring of see invisible (left hand)
Scrolls
 f - a scroll of identify
 j - a scroll of fog
 k - a scroll of immolation {unknown}
Potions
 d - a potion of might
 e - a potion of cancellation {unknown}
 i - 2 potions of heal wounds


   Skills:
 + Level 3.9 Fighting
 + Level 2.8 Axes
 + Level 4.0 Armour
 + Level 0.3 Dodging
 + Level 4.0 Shields


You had 3 spell levels left.
You didn't know any spells.
Your spell library was empty.

Dungeon Overview and Level Annotations

Branches:
Dungeon (3/15)

Altars:

Annotations:
D:2 Natasha


Innate Abilities, Weirdness & Mutations

You are immune to sickness and miasma.
Your stone body is resilient. (AC +3)
You are immune to poison.
You resist negative energy. (rN+)
You are resistant to electric shocks. (rElec)
You are resistant to unholy torment.
You are immune to petrification.


Message History

You are too injured to fight recklessly!
You are too injured to fight recklessly!
You are too injured to fight recklessly!
You are too injured to fight recklessly!
You barely miss the gnoll. You barely miss Natasha.
The gnoll hits you but does no damage. You block Natasha's attack.
Unknown command.
You barely miss the gnoll. You barely miss Natasha.
The gnoll hits you with a +0 whip. Natasha claws you but does no damage.
The gnoll barely misses you. Natasha claws you but does no damage.
You hit the gnoll.
The gnoll is lightly wounded.
You barely miss Natasha. The gnoll hits you with a +0 whip.
You block Natasha's attack.
Unknown command.
You barely miss the gnoll.
The gnoll is lightly wounded.
You barely miss Natasha. The gnoll hits you with a +0 whip.
* * * LOW HITPOINT WARNING * * *
Natasha claws you but does no damage. You block the gnoll's attack.
Natasha growls.
Natasha closely misses you.
You slash the gnoll!
You kill the gnoll!
You slash Natasha! Natasha claws you but does no damage.
You block Natasha's attack.
Things that are here:
a +0 whip; a gnoll corpse You completely miss Natasha.
Natasha is severely wounded.
Natasha claws you.
* * * LOW HITPOINT WARNING * * *
Natasha claws you but does no damage.
You completely miss Natasha.
Natasha is severely wounded.
Natasha claws you but does no damage.
You miss Natasha.
Natasha is severely wounded.
Natasha closely misses you. Natasha claws you.
You die...

###...÷.............#..........#
..........................P....#
.................##...#.♣.P....#
.............#........##^P...###
.................#...###.#.#.#
..............#..#.[.# #...#.#
..........#.#.#......# ###.#)###
..........#..........#####.#...#
..........#....h@.♣♣♣♣......##.#
........##.....)>♣P♣♣♣♣.....##.#
..........(.....#♣.P≈.♣♣....##.##
..............♣.♣♣P≈≈≈.♣.....#...
#####........#♣.P♣.≈≈≈♣♣.........
#>##...#.#♣♣...P≈P.♣....#....
#.##.....# ♣♣.PP..♣♣######...
#####.#.....## ♣♣♣♣.♣♣ #...
#.....#...### ### ####


You could see Natasha.

Vanquished Creatures
  4 adders
  2 gnolls (D:2)
  4 ball pythons
  5 bats
  2 endoplasms (D:1)
  A giant cockroach (D:3)
  4 goblins (D:1)
  3 hobgoblins
  7 jackals
  6 kobolds
  3 quokkas (D:1)
  3 frilled lizards
  A rat (D:3)
45 creatures vanquished.

Notes
Turn   | Place    | Note
-------+----------+-------------------------------------------
     0 | D:1      | bande the Gargoyle Fighter began the quest for the Orb.
     0 | D:1      | Reached XP level 1. HP: 14/14 MP: 1/1
   237 | D:1      | Reached XP level 2. HP: 19/19 MP: 2/2
  1190 | D:1      | Found a faded altar of an unknown god.
  1321 | D:1      | Reached XP level 3. HP: 20/24 MP: 3/3
  2189 | D:3      | Reached XP level 4. HP: 27/29 MP: 4/4
  2373 | D:3      | Noticed Natasha
  2779 | D:2      | Slain by Natasha

Illustrated notes

Levels and vault maps discovered:
D:1:      roderic_crop_circles_arrival_small, layout_loops_ring,
          dreamdust_ecumenical_altar_hidden_monk_grotto, corner_web_ring
D:2:      layout_rooms, serial_forest, infiniplex_forest_zigzag_1,
          infiniplex_forest_lined_corner, infiniplex_forest_clump_tiny,
          infiniplex_forest_pool, infiniplex_forest_lined_room_, minmay_circle_x
D:3:      layout_rooms, riverfiend_overflow_shadow_ancestor,
          lemuel_doored_altar, uniq_grinder, uniq_natasha

Skill      XL: |  1  2  3  4 |
---------------+-------------+-----
Axes           | 2 |  2.8
Armour         | 4 |  4.0
Shields        | 4 |  4.0
Fighting       | |  3.9
Dodging        | |  0.3

Action                   |  1- 3 |  4- 6 || total
-------------------------+-------+-------++-------
Melee: War axe           |   104 |    43 ||   147
  Use: Scroll            |     7 |       ||     7
Armor: Scale mail        |    71 |    31 ||   102
Dodge: Dodged            |    51 |    20 ||    71
Block: Kite shield       |    70 |    20 ||    90

Table legend: (Time is in decaauts)
 A = Elapsed time spent in this place.
 B = Non-inter-level travel time spent in this place.
 C = Inter-level travel time spent in this place.
 D = Time resting spent in this place.
 E = Time spent auto-exploring this place.
 F = Levels seen in this place.
 G = Mean time per level.
                   A        B        C        D        E       F      G
               +--------+--------+--------+--------+--------+-----+--------+
         Total |   2872 |   2835 |     37 |    723 |   1622 |   3 |  957.3 |
       Dungeon |   2872 |   2835 |     37 |    723 |   1622 |   3 |  957.3 |
               +--------+--------+--------+--------+--------+-----+--------+

Top non-repeatable levels by time:
     D:1: 1625 daAuts
     D:2: 974 daAuts
     D:3: 272 daAuts
